 Dungeon Crawl Stone Soup version 0.16-a0-3623-gda98d6b (webtiles) character file.

89 Minkie the Cudgeler (level 4, -4/35 HPs)
             Began as a Demonspawn Berserker on Jan 13, 2015.
             Was a Priest of Trog.
             Slain by an orc priest
             ... wielding a +0 flail
              (7 damage)
             ... on level 2 of the Dungeon.
             The game lasted 00:05:32 (1699 turns).

Minkie the Cudgeler (Demonspawn Berserker)          Turns: 1699, Time: 00:05:33

Health: -4/35      AC:  6    Str: 17    XL:     4   Next: 31%
Magic:  4/4        EV: 11    Int:  8    God:    Trog [***...]
Gold:   64         SH:  3    Dex: 14    Spells: 0 memorised, 3 levels left

rFire  . . .     SeeInvis .     a - +0 mace
rCold  . . .     Clarity  .     k - +0 scale mail
rNeg   . . .     SustAb   .     n - +0 buckler
rPois  .         Gourm    .     (no helmet)
rElec  .         Spirit   .     (no cloak)
rCorr  .         Warding  .     (no gloves)
rMut   .         Stasis   .     (no boots)
MR     .....                    (no amulet)
Stlth  ..........               (no ring)
                                e - ring of loudness (curse)

@: not resistant to hostile enchantments, extremely unstealthy
A: repulsion field 1
a: Burn Spellbooks, Berserk, Trog's Hand, Renounce Religion


You were on level 2 of the Dungeon.
You worshipped Trog.
Trog was most pleased with you.
You were hungry.

You visited 1 branch of the dungeon, and saw 3 of its levels.

You collected 64 gold pieces.

Inventory:

Hand weapons
 a - a +0 mace (weapon)
Missiles
 b - 8 tomahawks (quivered)
Armour
 k - a +0 scale mail (worn)
 n - a +0 buckler (worn)
Jewellery
 e - a cursed ring of loudness (left hand)
Magical devices
 p - a wand of slowing (15)
Scrolls
 h - a scroll of enchant armour {unknown}
 i - a scroll of identify {unknown}
 j - 2 scrolls of remove curse {unknown}
 l - 2 scrolls of teleportation {unknown}
 m - a scroll of immolation {unknown}
 o - a scroll of fog {unknown}
Potions
 g - a potion of haste {unknown}
Comestibles
 c - 4 bread rations
 d - 2 beef jerkies
 f - 2 meat rations


   Skills:
 - Level 3.1 Fighting
 + Level 4.4 Maces & Flails
 - Level 2.0 Armour
 - Level 2.0 Dodging


You had 3 spell levels left.
You didn't know any spells.

Dungeon Overview and Level Annotations

Branches:
Dungeon (3/15)

Altars:


Innate Abilities, Weirdness & Mutations

You are surrounded by a mild repulsion field (EV +2).


Message History

The orc priest is lightly wounded.
The orc priest hits you with a flail!
* * * LOW HITPOINT WARNING * * *
You hit the orc priest.
The orc priest is heavily wounded.
The orc priest hits you with a flail.
* * * LOW HITPOINT WARNING * * *
You barely miss the orc priest.
The orc priest is heavily wounded.
The orc priest closely misses you.
You hit the orc priest but do no damage.
The orc priest is heavily wounded.
The orc priest closely misses you.
You barely miss the orc priest.
The orc priest is heavily wounded.
You block the orc priest's attack.
You barely miss the orc priest.
The orc priest is heavily wounded.
The orc priest hits you with a flail!
You die...

#........# #.#.### #.######.#
#...... #.# #.###.....# #.#
#.##....... ##########.#
#.###..>... #....(.....#
##.####..... #.##...###.#
##.#.####....
#.#.###.##.####.###.##.....
##.#.#.....@....## ##.......
##.#..#.#.##o####.###.####...
#.###..............#.######.[
#..#.##.###...............#..
#.#.###..............###..#.#
##.#.# #####..##.##...# #..#.#
#..#.#######..##.##..(# #..#..
#.##.....)....##.##...###..#..
#.##########..#...#...........


You could see an orc priest.

Vanquished Creatures
  Ijyb (D:2)
  2 adders (D:2)
  A worm (D:2)
  A giant gecko (D:1)
  2 giant cockroaches (D:2)
  3 hobgoblins (D:2)
  2 jackals (D:2)
  A quokka (D:2)
  7 bats
  A giant newt (D:2)
  5 goblins
  7 kobolds
  23 rats
56 creatures vanquished.

Notes
Turn   | Place    | Note
--------------------------------------------------------------
     0 | D:1      | Minkie, the Demonspawn Berserker, began the quest for the Orb.
     0 | D:1      | Reached XP level 1. HP: 18/18 MP: 1/1
   208 | D:1      | Gained mutation: You are surrounded by a mild repulsion field (EV +2). [demonic ancestry]
   208 | D:1      | Reached XP level 2. HP: 13/24 MP: 2/2
   807 | D:2      | Reached XP level 3. HP: 29/29 MP: 3/3
  1010 | D:2      | Acquired Trog's second power
  1227 | D:2      | Reached skill level 4 in Maces & Flails
  1361 | D:2      | Noticed Ijyb
  1369 | D:2      | Killed Ijyb
  1369 | D:2      | Reached XP level 4. HP: 35/35 MP: 4/4
  1699 | D:2      | Slain by an orc priest

Action                   |  1- 3 |  4- 6 || total
-------------------------+-------+-------++-------
Melee: Mace              |   147 |    27 ||   174
Invok: Berserk           |     2 |       ||     2
  Eat: Chunk             |     3 |     1 ||     4
